DBL
ST. LOUIS CARDINALS @ CHARLOTTE KNIGHTS
04/12/1997
 
TOP OF THE 1ST
St. Louis Cardinals batting - Pitching for Charlotte Knights : RHP Kevin Tapani
Pitching: RHP Kevin Tapani
Batting: SHB Stan Javier 0-0: Swinging Strike
0-1: Foul Ball, location: 2F
0-2: Foul Ball, location: 2F
0-2: Ball
1-2: Foul Ball, location: 2F
1-2: Ball
2-2: Strikes out swinging
Batting: RHB Royce Clayton 0-0: Foul Ball, location: 2F
0-1: Fly out, F8 (Flyball, 89D, EV 109.4 MPH)
Batting: LHB Brian S Giles 0-0: Foul Ball, location: 2F
0-1: Ball
1-1: Foul Ball, location: 2F
1-2: Ball
2-2: Foul Ball, location: 2F
2-2: Ball
3-2: Fly out, F7 (Flyball, 7, EV 90.0 MPH)
Top of the 1st over - 0 runs, 0 hits, 0 errors, 0 left on base; St. Louis 0 - Charlotte 0
BOTTOM OF THE 1ST
Charlotte Knights batting - Pitching for St. Louis Cardinals : RHP Francisco Cordova
Pitching: RHP Francisco Cordova
Batting: SHB Orlando Merced 0-0: Swinging Strike
0-1: Ball
1-1: Foul Ball, location: 2F
1-2: Strikes out looking
Batting: LHB Jason Giambi 0-0: Foul Ball, location: 2F
0-1: Called Strike
0-2: Ball
1-2: Fly out, F9 (Flyball, 9LM, EV 91.3 MPH)
Batting: SHB Carl Everett 0-0: Called Strike
0-1: Foul Ball, location: 2F
0-2: Strikes out swinging
Bottom of the 1st over - 0 runs, 0 hits, 0 errors, 0 left on base; St. Louis 0 - Charlotte 0
TOP OF THE 2ND
St. Louis Cardinals batting - Pitching for Charlotte Knights : RHP Kevin Tapani
Batting: RHB Ivan Calderon 0-0: Foul Ball, location: 2F
0-1: Foul Ball, location: 2F
0-2: Ball
1-2: Strikes out looking
Batting: LHB Karim Garcia 0-0: Ball
1-0: Ball
2-0: Fly out, F7 (Flyball, 7LM, EV 105.0 MPH)
Batting: RHB John Valentin 0-0: Called Strike
0-1: Fly out, F9 (Flyball, 9S, EV 78.8 MPH)
Top of the 2nd over - 0 runs, 0 hits, 0 errors, 0 left on base; St. Louis 0 - Charlotte 0
BOTTOM OF THE 2ND
Charlotte Knights batting - Pitching for St. Louis Cardinals : RHP Francisco Cordova
Batting: RHB Chuck Knoblauch 0-0: Ball
1-0: Foul Ball, location: 2F
1-1: Ground out U3 (Groundball, 3, EV 89.4 MPH)
Batting: RHB Tony Batista 0-0: Ball
1-0: Ground out 6-3 (Groundball, 6, EV 86.3 MPH)
Batting: RHB Mark Carreon 0-0: Ball
1-0: Foul Ball, location: 2F
1-1: Ball
2-1: Ball
3-1: Base on Balls
Batting: RHB Lenny Webster 0-0: Ball
1-0: Called Strike
1-1: Ball
2-1: Swinging Strike
2-2: Fly out, F4 (Popup, 34, EV 71.3 MPH)
Bottom of the 2nd over - 0 runs, 0 hits, 0 errors, 1 left on base; St. Louis 0 - Charlotte 0
TOP OF THE 3RD
St. Louis Cardinals batting - Pitching for Charlotte Knights : RHP Kevin Tapani
Batting: RHB Doug Glanville 0-0: Called Strike
0-1: Fly out, F8 (Flyball, 8LD, EV 105.6 MPH)
Batting: RHB Damian Miller 0-0: Swinging Strike
0-1: Swinging Strike
0-2: Foul Ball, location: 2F
0-2: Ball
1-2: Foul Ball, location: 2F
1-2: Ball
2-2: Ball
3-2: Strikes out swinging
Batting: RHB Dickie Thon 0-0: Swinging Strike
0-1: Foul Ball, location: 2F
0-2: Strikes out swinging
Top of the 3rd over - 0 runs, 0 hits, 0 errors, 0 left on base; St. Louis 0 - Charlotte 0
BOTTOM OF THE 3RD
Charlotte Knights batting - Pitching for St. Louis Cardinals : RHP Francisco Cordova
Batting: SHB Neifi Perez 0-0: Swinging Strike
0-1: Ball
1-1: SINGLE (Groundball, 4MD, EV 99.4 MPH)
Batting: LHB Lenny Dykstra 0-0: Ball
1-0: Called Strike
1-1: Sac Bunt to 2L - play at first, batter OUT! 2-4
Neifi Perez to second
Batting: SHB Orlando Merced 0-0: Ball
1-0: Ball
2-0: Called Strike
2-1: Foul Ball, location: 2F
2-2: Ball
3-2: Base on Balls
Batting: LHB Jason Giambi 0-0: Foul Ball, location: 2F
0-1: Fly out, F9 (Flyball, 9, EV 93.1 MPH)
Batting: SHB Carl Everett 0-0: Ball
1-0: Fly out, F8 (Line Drive, 8LS, EV 96.3 MPH)
Bottom of the 3rd over - 0 runs, 1 hit, 0 errors, 2 left on base; St. Louis 0 - Charlotte 0
TOP OF THE 4TH
St. Louis Cardinals batting - Pitching for Charlotte Knights : RHP Kevin Tapani
Batting: SHB Stan Javier 0-0: Ball
1-0: Ball
2-0: Called Strike
2-1: Ball
3-1: Fly out, F5 (Popup, 56S, EV 87.5 MPH)
Batting: RHB Royce Clayton 0-0: Called Strike
0-1: Fly out, F8 (Flyball, 8LD, EV 95.0 MPH)
Batting: LHB Brian S Giles 0-0: Foul Ball, location: 2F
0-1: Ball
1-1: Foul Ball, location: 2F
1-2: Ball
2-2: Fly out, F7 (Flyball, 7S, EV 85.0 MPH)
Top of the 4th over - 0 runs, 0 hits, 0 errors, 0 left on base; St. Louis 0 - Charlotte 0
BOTTOM OF THE 4TH
Charlotte Knights batting - Pitching for St. Louis Cardinals : RHP Francisco Cordova
Batting: RHB Chuck Knoblauch 0-0: Ball
1-0: Called Strike
1-1: Foul Ball, location: 2F
1-2: Strikes out looking
Batting: RHB Tony Batista 0-0: Called Strike
0-1: Foul Ball, location: 2F
0-2: Foul Ball, location: 2F
0-2: Foul Ball, location: 2F
0-2: Ball
1-2: DOUBLE (Flyball, 8RXD, EV 96.9 MPH)
Batting: RHB Mark Carreon 0-0: DOUBLE (Flyball, 78D, EV 100.6 MPH)
Tony Batista scores
Batting: RHB Lenny Webster 0-0: Ball
1-0: Foul Ball, location: 2F
1-1: Foul Ball, location: 2F
1-2: Foul Ball, location: 2F
1-2: Foul Ball, location: 2F
1-2: Ball
2-2: Ground out 1-3 (Groundball, 34S, EV 66.9 MPH)
Mark Carreon to third
Batting: SHB Neifi Perez 0-0: Ball
1-0: Ground out 4-3 (Groundball, 4, EV 88.1 MPH)
Bottom of the 4th over - 1 run, 2 hits, 0 errors, 1 left on base; St. Louis 0 - Charlotte 1
TOP OF THE 5TH
St. Louis Cardinals batting - Pitching for Charlotte Knights : RHP Kevin Tapani
Batting: RHB Ivan Calderon 0-0: Called Strike
0-1: Ball
1-1: Ball
2-1: Ground out 5-3 (Groundball, 56S, EV 87.5 MPH)
Batting: LHB Karim Garcia 0-0: Fly out, F2 (Popup, 15S, EV 93.8 MPH)
Batting: RHB John Valentin 0-0: Ball
1-0: Called Strike
1-1: Ball
2-1: Ball
3-1: Called Strike
3-2: Strikes out looking
Top of the 5th over - 0 runs, 0 hits, 0 errors, 0 left on base; St. Louis 0 - Charlotte 1
BOTTOM OF THE 5TH
Charlotte Knights batting - Pitching for St. Louis Cardinals : RHP Francisco Cordova
Batting: LHB Lenny Dykstra 0-0: Foul Ball, location: 2F
0-1: Ball
1-1: Ball
2-1: Foul Ball, location: 2F
2-2: Ground out 4-3 (Groundball, 4, EV 82.5 MPH)
Batting: SHB Orlando Merced 0-0: SINGLE (Line Drive, 89S, EV 85.0 MPH)
Batting: LHB Jason Giambi 0-0: Fly out, F9 (Flyball, 9LM, EV 87.5 MPH)
Batting: SHB Carl Everett 0-0: SINGLE (Flyball, 8RS, EV 92.5 MPH)
Orlando Merced to second
Batting: RHB Chuck Knoblauch 0-0: Swinging Strike
0-1: Ball
1-1: Ball
2-1: Ball
3-1: Called Strike
3-2: TRIPLE (Flyball, 89XD, EV 103.8 MPH)
Orlando Merced scores
Carl Everett scores
Batting: RHB Tony Batista 0-0: Ball
1-0: Foul Ball, location: 2F
1-1: Ball
2-1: Ball
3-1: Swinging Strike
3-2: Fly out, F5 (Popup, 15, EV 70.6 MPH)
Bottom of the 5th over - 2 runs, 3 hits, 0 errors, 1 left on base; St. Louis 0 - Charlotte 3
TOP OF THE 6TH
St. Louis Cardinals batting - Pitching for Charlotte Knights : RHP Kevin Tapani
Batting: RHB Doug Glanville 0-0: Foul Ball, location: 2F
0-1: Ball
1-1: Foul Ball, location: 2F
1-2: Fly out, F8 (Flyball, 8LM, EV 80.6 MPH)
Batting: RHB Damian Miller 0-0: Fly out, F9 (Flyball, 89M, EV 94.4 MPH)
Batting: RHB Dickie Thon 0-0: Ball
1-0: Fly out, F8 (Line Drive, 8LD, EV 103.8 MPH)
Top of the 6th over - 0 runs, 0 hits, 0 errors, 0 left on base; St. Louis 0 - Charlotte 3
BOTTOM OF THE 6TH
Charlotte Knights batting - Pitching for St. Louis Cardinals : RHP Francisco Cordova
Pitching: LHP Randy Myers
Batting: RHB Mark Carreon 0-0: Ball
1-0: Ball
2-0: Ground out 6-3 (Groundball, 56D, EV 101.9 MPH)
Batting: RHB Lenny Webster 0-0: Foul Ball, location: 2F
0-1: Foul Ball, location: 2F
0-2: Strikes out swinging
Batting: SHB Neifi Perez 0-0: Foul Ball, location: 2F
0-1: Ball
1-1: Ball
2-1: Ball
3-1: Foul Ball, location: 2F
3-2: Foul Ball, location: 2F
3-2: Base on Balls
Batting: LHB Lenny Dykstra Pickoff Throw to First - Out! 1-3
Bottom of the 6th over - 0 runs, 0 hits, 0 errors, 0 left on base; St. Louis 0 - Charlotte 3
TOP OF THE 7TH
St. Louis Cardinals batting - Pitching for Charlotte Knights : RHP Kevin Tapani
Batting: SHB Stan Javier 0-0: Called Strike
0-1: Ball
1-1: Ball
2-1: Swinging Strike
2-2: Foul Ball, location: 2F
2-2: Ball
3-2: Strikes out swinging
Batting: RHB Royce Clayton 0-0: SINGLE (Groundball, 56D, EV 106.3 MPH)
Batting: LHB Brian S Giles 0-0: Called Strike
Royce Clayton steals 2nd base
0-1: Fly out, F8 (Flyball, 8LS, EV 85.6 MPH)
Batting: RHB Ivan Calderon 0-0: Ball
1-0: Ball
2-0: Called Strike
2-1: Foul Ball, location: 2F
2-2: Foul Ball, location: 2F
2-2: Fly out, F9 (Flyball, 9S, EV 87.5 MPH)
Top of the 7th over - 0 runs, 1 hit, 0 errors, 1 left on base; St. Louis 0 - Charlotte 3
BOTTOM OF THE 7TH
Charlotte Knights batting - Pitching for St. Louis Cardinals : LHP Randy Myers
Batting: LHB Lenny Dykstra 0-0: Called Strike
0-1: Ball
1-1: Ball
2-1: Swinging Strike
2-2: Strikes out swinging
Batting: SHB Orlando Merced 0-0: Foul Ball, location: 2F
0-1: Swinging Strike
0-2: Ball
1-2: Strikes out looking
Batting: LHB Jason Giambi 0-0: Called Strike
0-1: Ball
1-1: Foul Ball, location: 2F
1-2: Strikes out swinging
Bottom of the 7th over - 0 runs, 0 hits, 0 errors, 0 left on base; St. Louis 0 - Charlotte 3
TOP OF THE 8TH
St. Louis Cardinals batting - Pitching for Charlotte Knights : RHP Kevin Tapani
Now in CF: Ruben Rivera
Batting: LHB Karim Garcia 0-0: Ball
1-0: Called Strike
1-1: Ball
2-1: Ball
3-1: Fly out, F6 (Popup, 56, EV 69.4 MPH)
Batting: RHB John Valentin 0-0: Ball
1-0: Ball
2-0: Ground out 1-3 (Groundball, 13, EV 78.8 MPH)
Batting: RHB Doug Glanville 0-0: Called Strike
0-1: Ball
1-1: Ball
2-1: SINGLE (Groundball, 56S, EV 65.0 MPH) (infield hit)
Batting: RHB Damian Miller 0-0: Ball
1-0: Called Strike
1-1: Ball
2-1: Foul Ball, location: 2F
2-2: Ball
3-2: Fly out, F6 (Popup, 15S, EV 83.8 MPH)
Top of the 8th over - 0 runs, 1 hit, 0 errors, 1 left on base; St. Louis 0 - Charlotte 3
BOTTOM OF THE 8TH
Charlotte Knights batting - Pitching for St. Louis Cardinals : LHP Randy Myers
Batting: SHB Carl Everett 0-0: Ball
1-0: Foul Ball, location: 2F
1-1: Foul Ball, location: 2F
1-2: Foul Ball, location: 2F
1-2: Ball
2-2: Ball
3-2: Strikes out swinging
Batting: RHB Chuck Knoblauch 0-0: Ball
1-0: Called Strike
1-1: Foul Ball, location: 2F
1-2: Fly out, F9 (Line Drive, 9, EV 91.9 MPH)
Pitching: RHP Rusty Meacham
Batting: RHB Tony Batista 0-0: Ground out 4-3 (Groundball, 34, EV 85.6 MPH)
Bottom of the 8th over - 0 runs, 0 hits, 0 errors, 0 left on base; St. Louis 0 - Charlotte 3
TOP OF THE 9TH
St. Louis Cardinals batting - Pitching for Charlotte Knights : RHP Kevin Tapani
Pitching: RHP Todd Worrell
Now at 1B: David Segui
Now at SS: Nomar Garciaparra
Batting: RHB Dickie Thon 0-0: Called Strike
0-1: Ball
1-1: Called Strike
1-2: Ground out 6-3 (Groundball, 6, EV 88.8 MPH)
Batting: SHB Stan Javier 0-0: Ball
1-0: Ground out 6-3 (Groundball, 6, EV 85.6 MPH)
Batting: RHB Royce Clayton 0-0: Called Strike
0-1: Ball
1-1: DOUBLE (Line Drive, 7LM, EV 107.5 MPH)
Batting: LHB Brian S Giles 0-0: Ball
1-0: Ball
2-0: Foul Ball, location: 2F
2-1: Called Strike
2-2: Ball
3-2: Foul Ball, location: 2F
3-2: Base on Balls
Batting: RHB Ivan Calderon 0-0: Ground out 1-3 (Groundball, 15, EV 64.4 MPH)
Top of the 9th over - 0 runs, 1 hit, 0 errors, 2 left on base; St. Louis 0 - Charlotte 3
Monday, January 26th, 2026 - OOTP Baseball 20.8 Build 74